 Dungeon Crawl Stone Soup version 0.22.0-78-g6c94d2c (webtiles) character file.

84 Starchild the Vexing (level 4, -6/25 HPs)
             Began as a Kobold Arcane Marksman on Sept 16, 2018.
             Killed by nerve-wracking pain
             ... invoked by an orc priest
              (13 damage)
             ... on level 3 of the Dungeon.
             The game lasted 00:06:49 (2282 turns).

Starchild the Vexing (Kobold Arcane Marksman)       Turns: 2282, Time: 00:06:50

Health: -6/25      AC:  2    Str:  7    XL:     4   Next: 72%
Magic:  4/5        EV: 15    Int: 15    God:
Gold:   101        SH:  0    Dex: 15    Spells: 2/5 levels left

rFire    . . .     SeeInvis .   b - +0 dagger
rCold    + . .     Gourm    .   (shield restricted)
rNeg     . . .     Faith    .   e - +0 robe
rPois    .         Spirit   .   (no helmet)
rElec    .         Reflect  .   (no cloak)
rCorr    .         Harm     .   (no gloves)
MR       .....                  (no boots)
Stlth    +.........             o - amulet of the acrobat
HPRegen  0.08/turn              k - ring of protection from cold
MPRegen  0.09/turn              (no ring)

@: no status effects
A: small, carnivore
a: no special abilities


You were on level 3 of the Dungeon.
You were not hungry.

You visited 1 branch of the dungeon, and saw 3 of its levels.

You collected 101 gold pieces.

Inventory:

Hand Weapons
 a - a +0 hand crossbow
 b - a +0 dagger (weapon)
Missiles
 c - 81 stones (quivered)
 d - 6 bolts
Armour
 e - a +0 robe (worn)
 l - a +0 buckler
Jewellery
 k - a ring of protection from cold (left hand)
 o - an amulet of the acrobat (around neck)
Scrolls
 g - a scroll of enchant armour {unknown}
 h - a scroll of identify {unknown}
 i - 2 scrolls of teleportation {unknown}
Potions
 j - a potion of heal wounds {unknown}
 m - a potion of resistance {unknown}
 n - a potion of brilliance {unknown}
Comestibles
 f - 5 rations


   Skills:
 - Level 1.1 Fighting
 + Level 4.0 Crossbows
 - Level 2.4 Dodging
 - Level 1.1 Spellcasting
 * Level 4.3 Hexes


You had 2 spell levels left.
You knew the following spells:

 Your Spells              Type           Power        Failure   Level  Hunger
a - Corona                Hex            ##.....      4%          1    ##.....
b - Slow                  Hex            ##......     6%          2    ###....

Your spell library contained the following spells:

 Spells                   Type           Power        Failure   Level  Hunger
 Inner Flame              Hex/Fire       #.......     30%         3    ####...
 Portal Projectile        Hex/Tloc       #.....       30%         3    ####...
 Cause Fear               Hex            ##........   38%         4    #####..
 Leda's Liquefaction      Hex/Erth       #.........   69%         4    #####..


Dungeon Overview and Level Annotations

Branches:
Dungeon (3/15)

Altars:
Wu Jian

Annotations:
D:2 1 runed door
D:3 3 runed doors, CasualChangeling's ghost, amateur DrMo; Erlindor's ghost, amateur GrBe; Ymberto's ghost, amateur NaTm


Innate Abilities, Weirdness & Mutations

You are small and have problems with some larger weapons.
You are carnivorous and can eat meat at any time.


Message History

The orc priest is moderately wounded.
The orc priest hits you but does no damage.
You closely miss the orc priest.
The orc priest is moderately wounded.
The orc priest misses you.
Casting: Corona (safe; 4% risk of failure)
Confirm with . or Enter, or press ? or * to list all spells.
Aiming: Corona (safe; 4% risk of failure)
Press: ? - help, Shift-Dir - straight line, f/p - orc priest
Aim: an orc priest, wielding a dagger and wearing a ring mail (moderately The orc priest is outlined in light.
The orc priest closely misses you.
You hit the orc priest but do no damage.
The orc priest is moderately wounded.
The orc priest barely misses you.
You hit the orc priest.
The orc priest is moderately wounded.
The orc priest mumbles some strange prayers to Beogh against you.
Pain shoots through your body!
Ouch! That really hurt!
You die...

#...#...# +..<#...#.
#.###..... #+###...[.#.#
#.......#.#.#
#.......#.#.#
+########......#.#.####
..รท.o..........o.....>##
.............###@#.....#
#...#######..# #.#####.###
#...#######.## #.#.......#
#........<#.####.#.#######
...##..............#
..........#.####.#.#
....#+###.#......###
#......##.#..######
#......##..........#


You could see an orc priest.

Vanquished Creatures
  4 adders
  A dart slug (D:1)
  2 ball pythons
  2 giant cockroaches
  7 goblins
  4 hobgoblins
  6 jackals (D:1)
  2 kobolds
  A quokka (D:2)
  4 bats
  4 frilled lizards
  7 rats
44 creatures vanquished.

Notes
Turn   | Place    | Note
-------+----------+-------------------------------------------
     0 | D:1      | Starchild the Kobold Arcane Marksman began the quest for
                  | the Orb.
     0 | D:1      | Reached XP level 1. HP: 12/12 MP: 2/2
    78 | D:1      | Reached XP level 2. HP: 9/16 MP: 3/3
    85 | D:1      | Learned a level 2 spell: Slow
   497 | D:1      | Reached XP level 3. HP: 20/20 MP: 4/4
  1017 | D:2      | Found an ornate altar of the Wu Jian Council.
  1291 | D:2      | Found a runed door.
  1633 | D:2      | Reached XP level 4. HP: 25/25 MP: 5/5
  2032 | D:3      | Found a runed gate.
  2040 | D:3      | Found a runed gate.
  2217 | D:3      | Found a runed gate.
  2218 | D:3      | Noticed Ymberto's ghost (amateur NaTm)
  2218 | D:3      | Noticed Erlindor's ghost (amateur GrBe)
  2219 | D:3      | Noticed CasualChangeling's ghost (amateur DrMo)
  2282 | D:3      | Killed from afar by an orc priest

Skill      XL: |  1  2  3  4 |
---------------+-------------+-----
Hexes          | 4 |  4.3
Crossbows      | 3 4 |  4.0
Fighting       | |  1.1
Dodging        | |  2.4
Spellcasting   | |  1.1

Action                   |  1- 3 |  4- 6 || total
-------------------------+-------+-------++-------
Melee: Dagger            |       |    31 ||    31
 Fire: Hand crossbow     |    60 |    35 ||    95
 Cast: Corona            |       |     4 ||     4
  Eat: Chunk             |     2 |     3 ||     5
Armor: Robe              |     5 |     3 ||     8
Dodge: Dodged            |    10 |    39 ||    49
